 Dungeon Crawl Stone Soup version 0.20.0-15-g7f486f2 (webtiles) character file.

2181 Hook the Nimble (level 9, 0/68 HPs)
             Began as a Merfolk Transmuter on June 18, 2017.
             Was a Follower of Makhleb.
             Slain by a hornet zombie (8 damage)
             ... on level 7 of the Dungeon.
             The game lasted 00:24:40 (7364 turns).

Hook the Nimble (Merfolk Transmuter)                Turns: 7364, Time: 00:24:41

Health: 0/68       AC:  8    Str: 13    XL:     9   Next: 33%
Magic:  13/16      EV: 19    Int: 18    God:    Makhleb [*.....]
Gold:   357        SH:  0    Dex: 14    Spells: 6/17 levels left

rFire    . . .     SeeInvis .     - Unarmed
rCold    . . .     Gourm    .   (no shield)
rNeg     . . .     Faith    .   p - +2 leather armour {rPois}
rPois    +         Spirit   .   (no helmet)
rElec    .         Reflect  .   d - +0 cloak
rCorr    .         Harm     .   h - +1 pair of gloves
MR       +....                  (no boots)
Stlth    +.........             u - amulet of rage
Regen    0.3/turn               m - +3 ring of strength
MPRegen  0.2/turn               r - ring of protection from magic

@: appendage, hasted, very quick
A: change form in water, swift swim, stealthy swim, horns 2, repulsion field 1,
clever 1, sense surroundings 1
a: End Transformation, Renounce Religion, Evoke Berserk Rage


You were on level 7 of the Dungeon.
You worshipped Makhleb.
Makhleb was aware of your devotion.
You were full.
You had grown temporary horns.
You visited 1 branch of the dungeon, and saw 7 of its levels.

You collected 357 gold pieces.

Inventory:

Missiles
 a - 149 arrows
Armour
 b - a +0 robe
 d - a +0 cloak (worn)
 h - a +1 pair of gloves (worn)
 p - a +2 leather armour of poison resistance (worn)
Jewellery
 m - a +3 ring of strength (left hand)
 r - a ring of protection from magic (right hand)
 u - an amulet of rage (around neck)
Wands
 q - a wand of polymorph (17/24)
 t - a wand of iceblast (8/15)
Scrolls
 e - a scroll of enchant weapon
 f - a scroll of blinking
 i - a scroll of teleportation
 v - a scroll of magic mapping
 y - a scroll of fear {unknown}
 z - a scroll of remove curse
Potions
 g - a potion of haste
 j - a potion of might
 k - a potion of degeneration {unknown}
 l - 2 potions of flight {unknown}
 w - a potion of magic {unknown}
 x - a potion of curing
Books
 c - a book of Changes

   Spells                             Type                      Level
   a - Beastly Appendage              Transmutation                1
   b - Sticks to Snakes               Transmutation                2
   c - Spider Form                    Transmutation/Poison         3
   d - Ice Form                       Ice/Transmutation            4
   e - Blade Hands                    Transmutation                5
Comestibles
 n - 2 meat rations
 o - 2 royal jellies


   Skills:
 + Level 5.4 Fighting
 - Level 0.3 Armour
 * Level 9.0 Dodging
 - Level 0.8 Stealth
 + Level 6.1 Unarmed Combat
 + Level 4.7 Spellcasting
 - Level 7.0 Transmutations
 - Level 2.3 Poison Magic


You had 6 spell levels left.
You knew the following spells:

 Your Spells              Type           Power        Failure   Level  Hunger
a - Beastly Appendage     Tmut           ####..       1%          1    None
b - Sticks to Snakes      Tmut           ####....     1%          2    #......
c - Spider Form           Tmut/Pois      ###.......   8%          3    ###....
d - Blade Hands           Tmut           ####......   26%         5    ######.


Dungeon Overview and Level Annotations

Branches:
Dungeon (7/15)             Temple (0/1) D:5

Altars:
Cheibriados
Kikubaaqudgha
Makhleb
Trog


Innate Abilities, Weirdness & Mutations

You revert to your normal form in water.
You are very nimble and swift while swimming.
You are very stealthy in the water. (Stealth+)
You have a pair of horns on your head.
You are surrounded by a mild repulsion field. (EV +2)
Your mind is acute. (Int +2)
You passively map a small area around you.


Message History

You feel resistant to poison. The hornet zombie misses you.
Casting: Spider Form
Confirm with . or Enter, or press ? or * to list all spells.
You grow a pair of large bovine horns.
The hornet zombie hits you!
* * * LOW HITPOINT WARNING * * *
You hit the hornet zombie but do no damage.
The hornet zombie is almost destroyed.
The hornet zombie misses you.
You completely miss the hornet zombie.
The hornet zombie is almost destroyed.
You hit the hornet zombie.
The hornet zombie is almost destroyed.
The hornet zombie misses you.
You hit the hornet zombie but do no damage.
The hornet zombie is almost destroyed.
The hornet zombie closely misses you.
You barely miss the hornet zombie. Your headbutt misses the hornet zombie.
The hornet zombie is almost destroyed.
The hornet zombie hits you!
You die...

###.### #.# ##.#
#####..# * *
#.....## , ,
#.###.# , , ,,*
#.###.# *, #.#†Z.#
*, , # #.#@#†# * #
#.#(#.# , ,. #
#.....# ...,* #
###.#########.####
# #.#............
##
###.#.##.....#..
... *
#.....##.#.#...#.
*.
#.#.#.##.........
.
#.#.#l###.#.#.##.


You could see a hornet zombie.

Vanquished Creatures
  Pikel (D:4)
  Edmund (D:6)
  An orc warrior (D:6)
  2 phantoms (D:6)
  A slave (D:4)
  An ogre (D:4)
  A centaur (D:5)
  2 bullfrogs (D:6)
  Blork the orc (D:6)
  6 killer bees (D:7)
  3 howler monkeys (D:5)
  A bullfrog zombie (D:5)
  A quasit (D:5)
  2 hounds
  A bullfrog skeleton (D:4)
  A centaur zombie (D:5)
  A centaur skeleton (D:6)
  3 jellies
  An orc wizard (D:5)
  A worker ant (D:6)
  4 adders
  A shadow imp (D:5)
  2 oozes
  An adder skeleton (D:4)
  3 worms
  3 dart slugs
  6 leopard geckos
  13 orcs
  9 bats
  5 giant cockroaches
  2 goblins (D:3)
  7 hobgoblins
  3 jackals (D:3)
  2 quokkas
  3 ball pythons
  A ball python skeleton (D:4)
  3 frilled lizards
  5 kobolds
  6 rats
111 creatures vanquished.

Vanquished Creatures (collateral kills)
  A phantom (D:4)
  A water moccasin zombie (D:5)
  A howler monkey (D:5)
  An orc wizard (D:5)
  An orc priest (D:3)
  A worker ant (D:5)
  3 orcs
9 creatures vanquished.

Vanquished Creatures (others)
  An adder (D:4)
1 creature vanquished.

Grand Total: 121 creatures vanquished

Notes
Turn   | Place    | Note
-------+----------+-------------------------------------------
     0 | D:1      | Hook the Merfolk Transmuter began the quest for the Orb.
     0 | D:1      | Reached XP level 1. HP: 15/15 MP: 3/3
     3 | D:1      | Noticed an electric eel
     3 | D:1      | Noticed an electric eel
   213 | D:1      | Reached skill level 3 in Dodging
   340 | D:1      | Reached XP level 2. HP: 21/21 MP: 3/5
   760 | D:2      | Learned a level 2 spell: Sticks to Snakes
   790 | D:2      | Found a faded altar of an unknown god.
   845 | D:2      | Reached XP level 3. HP: 24/26 MP: 6/6
  1645 | D:3      | Reached XP level 4. HP: 30/33 MP: 5/7
  2246 | D:3      | Reached XP level 5. HP: 27/38 MP: 3/8
  2578 | D:3      | Learned a level 3 spell: Spider Form
  2689 | D:3      | Found an ancient bone altar of Kikubaaqudgha.
  2835 | D:4      | Noticed a slave
  2835 | D:4      | Noticed a slave
  2916 | D:4      | Killed a slave
  3039 | D:4      | Noticed an ogre
  3174 | D:4      | Noticed Pikel
  3174 | D:4      | Noticed a slave
  3246 | D:4      | Noticed a phantom
  3602 | D:4      | Noticed a slave
  3651 | D:5      | Entered Level 5 of the Dungeon
  3968 | D:5      | Reached skill level 4 in Dodging
  3968 | D:5      | Reached XP level 6. HP: 44/46 MP: 6/10
  4035 | D:5      | Reached skill level 5 in Transmutations
  4244 | D:4      | Killed a phantom
  4244 | D:4      | Reached XP level 7. HP: 48/52 MP: 5/11
  4414 | D:4      | Reached skill level 1 in Poison Magic
  4555 | D:4      | Found a burning altar of Makhleb.
  4557 | D:4      | Noticed a cacodemon
  4561 | D:4      | Noticed a ynoxinul
  4561 | D:4      | Noticed a ynoxinul
  4605 | D:4      | Killed Pikel
  4605 | D:4      | Reached skill level 6 in Dodging
  4605 | D:4      | Reached XP level 8. HP: 26/60 MP: 4/13
  4785 | D:4      | Became a worshipper of Makhleb the Destroyer
  5297 | D:5      | Reached skill level 5 in Unarmed Combat
  5298 | D:5      | Found a staircase to the Ecumenical Temple.
  5744 | D:6      | Reached skill level 7 in Dodging
  6285 | D:6      | Learned a level 5 spell: Blade Hands
  6471 | D:6      | Noticed Edmund
  6481 | D:6      | Killed Edmund
  6481 | D:6      | Reached skill level 5 in Fighting
  6481 | D:6      | Reached XP level 9. HP: 64/68 MP: 10/15
  6484 | D:6      | Reached skill level 8 in Dodging
  6619 | D:6      | Found a snail-covered altar of Cheibriados.
  6629 | D:6      | Noticed Blork the orc
  6644 | D:6      | Reached * piety under Makhleb
  6671 | D:6      | Gained mutation: You have a pair of large horns on your head. [potion of mutation]
  6671 | D:6      | Gained mutation: You are surrounded by a mild repulsion field. (EV +2) [potion of mutation]
  6688 | D:6      | Killed Blork the orc
  6766 | D:6      | Found a bloodstained altar of Trog.
  6892 | D:6      | Lost mutation: You have a pair of small horns on your head. [potion of mutation]
  6892 | D:6      | Gained mutation: Your mind is acute. (Int +2) [potion of mutation]
  6892 | D:6      | Gained mutation: You passively map a small area around you. [potion of mutation]
  7349 | D:7      | Reached skill level 9 in Dodging
  7364 | D:7      | Slain by a hornet zombie

Skill      XL: |  1  2  3  4  5  6  7  8  9 |
---------------+----------------------------+-----
Dodging        | 3 4 6 7 9 |  9.0
Transmutations | 3 4 5 6 7 |  7.0
Fighting       | 2 3 5 |  5.4
Unarmed Combat | 4 5 6 |  6.1
Spellcasting   | 3 4 |  4.7
Poison Magic   | 2 |  2.3
Armour         | |  0.3
Stealth        | |  0.8

Action                   |  1- 3 |  4- 6 |  7- 9 || total
-------------------------+-------+-------+-------++-------
Melee: Unarmed           |   101 |   239 |   233 ||   573
       Headbutt          |    16 |    24 |    19 ||    59
       Punch             |     1 |     4 |     5 ||    10
Throw: Throwing net      |       |     1 |       ||     1
 Cast: Beastly Appendage |    19 |    32 |    15 ||    66
       Sticks to Snakes  |       |    25 |    17 ||    42
       Spider Form       |       |     5 |    15 ||    20
  Use: Scroll            |     4 |     5 |     6 ||    15
       Potion            |       |     1 |     6 ||     7
 Stab: Sleeping          |     3 |     1 |     1 ||     5
       Distracted        |       |     1 |       ||     1
  Eat: Chunk             |     3 |     3 |     1 ||     7
       Bread ration      |       |     1 |     2 ||     3
       Meat ration       |       |     1 |     1 ||     2
Armor: Robe              |    19 |       |       ||    19
       Leather armour    |     1 |    39 |    36 ||    76
       Skin              |       |     1 |     4 ||     5
Dodge: Dodged            |    60 |   169 |   245 ||   474
